 Dungeon Crawl Stone Soup version 0.32-a0-928-g1cae6b7ea0 (webtiles) character file.

Game seed: 16470834867357490585

152357 Mgcat the Severer (level 17, -5/140 HPs)
             Began as a Coglin Fighter on Apr 12, 2024.
             Was the Champion of Okawaru.
             Slain by a freezing wraith (7 damage)
             ... in an ice cave.
             The game lasted 00:45:08 (25950 turns).

Mgcat the Severer (Coglin Fighter)                 Turns: 25950, Time: 00:45:09

Health: -5/140     AC: 42    Str: 25    XL:     17   Next: 58%
Magic:  23/23      EV:  7    Int: 11    God:    Okawaru [******]
Gold:   2540       SH:  0    Dex: 15    Spells: 16/16 levels left

rFire   + + .        a - +9 broad axe of Righteous Anger {flame, ^Fragile Str+2 Int+3}
rCold   + . .        n - +4 war axe (venom) {Bor}
rNeg    . . .        u - +15 Maxwell's patent armour {-Cast -Tele rElec Will+ rCorr}
rPois   +            J - +2 hat {Will+}
rElec   +            f - +1 cloak
rCorr   +            C - +2 pair of gloves
SInv    .            m - +2 pair of boots
Will    +++..        (amulet unavailable) Stlth
                     (ring unavailable)
HPRegen 0.43/turn    (ring unavailable)
MPRegen 0.18/turn    b - neopneumatic capacitor {rPois rF+ rCorr Clar RMsl}

%: no teleportation, no spellcasting, repel missiles, clarity
@: resistant
A: off-hand wielding, slow wielding, warmup strikes, no jewellery
a: Renounce Religion, Heroism, Finesse, Duel


You were in an ice cave.
You worshipped Okawaru.
Okawaru was exalted by your worship.
You visited 5 branches of the dungeon, and saw 25 of its levels.
You also visited: Ice Cave.

You collected 3894 gold pieces.
You spent 1354 gold pieces at shops.

Inventory:

Hand Weapons
 a - the +9 broad axe of Righteous Anger (weapon) {flame, ^Fragile Str+2 Int+3}
   (Okawaru gifted it to you on level 3 of the Lair of Beasts)

   Str+2:     It affects your strength (+2).
   Int+3:     It affects your intelligence (+3).
   ^Fragile:  It will be destroyed if unequipped.
 n - a +4 war axe of venom (offhand) {Bor}
   (You took it off an orc on level 3 of the Dungeon)
 Q - a +0 broad axe
   (You took it off a vault guard on level 14 of the Dungeon)
Missiles
 g - 2 throwing nets {=f, !d}
 N - 7 curare-tipped darts
 O - 3 darts of dispersal {=f}
Armour
 f - a +1 cloak (worn)
   (You found it on level 5 of the Dungeon)
 m - a +2 pair of boots (worn)
   (You found it on level 3 of the Dungeon)
 u - the +15 Maxwell's patent armour (worn) {-Cast -Tele rElec Will+ rCorr}
   (Okawaru gifted it to you on level 3 of the Lair of Beasts)

   rElec:     It insulates you from electricity.
   Will+:     It increases your willpower.
   -Cast:     It prevents spellcasting.
   -Tele:     It prevents most forms of teleportation.
   rCorr:     It protects you from acid and corrosion.
 C - a +2 pair of gloves (worn)
   (You found it on level 10 of the Dungeon)
 J - a +2 hat of willpower (worn)
   (You took it off Gastronok on level 2 of the Lair of Beasts)
 P - a +1 buckler of cold resistance
   (You found it in an ice cave)
Gizmo
 b - a neopneumatic capacitor (installed) {rPois rF+ rCorr Clar RMsl}
   (You invented it yourself on level 5 of the Lair of Beasts)

   [neopneumatic capacitor]

   rF+:       It protects you from fire.
   rPois:     It protects you from poison.
   Clar:      It protects you from confusion, rage, mesmerisation and fear.
   RMsl:      It protects you from missiles.
   rCorr:     It protects you from acid and corrosion.
Talismans
 S - a granite talisman
   (You found it on level 14 of the Dungeon)
Wands
 r - a wand of polymorph (17)
   (You took it off Robin on level 4 of the Dungeon)
 x - a wand of paralysis (19)
   (You found it on level 6 of the Dungeon)
 y - a wand of flame (18)
   (You found it on level 1 of the Lair of Beasts)
 G - a wand of mindburst (8)
   (You found it on level 9 of the Dungeon)
 K - a wand of iceblast (24)
   (You found it on level 12 of the Dungeon)
Scrolls
 d - 3 scrolls of amnesia
 j - 10 scrolls of teleportation
 l - 2 scrolls of immolation {!r}
 v - 5 scrolls of fear
 w - 5 scrolls of blinking {!r}
 D - 8 scrolls of fog
 I - 7 scrolls of identify
 L - 2 scrolls of silence
 M - 2 scrolls of revelation
 R - a scroll of enchant armour
Potions
 c - 3 potions of magic
 e - 5 potions of heal wounds
 h - 4 potions of invisibility
 i - 2 potions of brilliance
 k - 4 potions of haste
 p - 8 potions of curing
 s - 3 potions of berserk rage {!q}
 t - 3 potions of enlightenment
 z - 2 potions of ambrosia
 A - 5 potions of might
 B - 2 potions of attraction {!q}
 E - 2 potions of mutation {!q}
 F - 3 potions of lignification {!q}
 H - a potion of cancellation
Miscellaneous
 q - a phial of floods
   (You found it on level 3 of the Lair of Beasts)


   Skills:
 + Level 14.3 Fighting
 * Level 19.3 Axes
 + Level 13.2 Armour
 - Level 2.1 Shields
 + Level 8.5 Invocations
 - Level 9.0 Evocations


You had 16 spell levels left.
You didn't know any spells.
Your spell library contained the following spells:

 Spells                   Type           Power      Damage    Failure   Level
 Apportation              Tloc           0%         N/A       96%         1
 Foxfire                  Conj/Fire      0%         2x1d4     96%         1
 Magic Dart               Conj           0%         1d3       96%         1
 Slow                     Hex            0%         N/A       96%         1
 Blink                    Tloc           0%         N/A       99%         2
 Ensorcelled Hibernation  Hex/Ice        0%         N/A       99%         2
 Jinxbite                 Hex            0%         N/A       99%         2
 Searing Ray              Conj           0%         2d4       99%         2
 Static Discharge         Conj/Air       0%         3-3/arc   99%         2
 Sublimation of Blood     Necr           0%         N/A       99%         2
 Confusing Touch          Hex            0%         N/A       100%        3
 Fugue of the Fallen      Necr           0%         N/A       100%        3
 Passwall                 Erth           0%         N/A       100%        3
 Sigil of Binding         Hex            0%         N/A       100%        3
 Stone Arrow              Conj/Erth      0%         3d7       100%        3
 Teleport Other           Tloc           0%         N/A       100%        3
 Vampiric Draining        Necr           0%         2d6       100%        3
 Volatile Blastmotes      Fire/Tloc      0%         2d10      100%        3
 Airstrike                Air            0%         2d(0-16)  100%        4
 Anguish                  Hex/Necr       0%         N/A       100%        4
 Cause Fear               Hex            0%         N/A       100%        4
 Fulminant Prism          Conj/Alch      0%         3d5       100%        4
 Passage of Golubria      Tloc           0%         N/A       100%        4
 Vhi's Electric Charge    Tloc/Air       0%         N/A       100%        4
 Alistair's Intoxication  Alch           0%         N/A       100%        5
 Borgnjor's Vile Clutch   Necr/Erth      0%         N/A       100%        5
 Fireball                 Conj/Fire      0%         3d3       100%        5
 Yara's Violent Unravell  Hex/Alch       0%         3d3       100%        5
 Bombard                  Conj/Erth      0%         9d1       100%        6
 Dispersal                Tloc           0%         N/A       100%        6
 Eringya's Noxious Bog    Alch           0%         4d6       100%        6
 Gell's Gavotte           Tloc           0%         2d(11-16) 100%        6
 Enfeeble                 Hex            0%         N/A       100%        7
 Manifold Assault         Tloc           0%         N/A       100%        7
 Disjunction              Tloc           0%         N/A       100%        8
 Lehudib's Crystal Spear  Conj/Erth      0%         10d2      100%        8
 Chain Lightning          Conj/Air       0%         N/A       100%        9
 Fire Storm               Conj/Fire      0%         5d1       100%        9
 Shatter                  Erth           0%         3d5*      100%        9
 Summon Small Mammal      Summ           Unusable   N/A       N/A         1
 Call Imp                 Summ           Unusable   N/A       N/A         2
 Call Canine Familiar     Summ           Unusable   N/A       N/A         3
 Summon Ice Beast         Ice/Summ       Unusable   N/A       N/A         3
 Tukima's Dance           Hex            Unusable   N/A       N/A         3
 Animate Armour           Summ/Erth      Unusable   N/A       N/A         4
 Animate Dead             Necr           Unusable   N/A       N/A         4
 Summon Blazeheart Golem  Fire/Summ      Unusable   N/A       N/A         4
 Summon Lightning Spire   Summ/Air       Unusable   N/A       N/A         4
 Death Channel            Necr           Unusable   N/A       N/A         6
 Sculpt Simulacrum        Ice/Alch       Unusable   N/A       N/A         6
 Summon Hydra             Summ           Unusable   N/A       N/A         7
 Dragon's Call            Summ           Unusable   N/A       N/A         9

Dungeon Overview and Level Annotations

Branches:
Dungeon (15/15)            Temple (1/1) D:5            Lair (5/5) D:10
  Swamp (2/4) Lair:3        Snake (0/4) Lair:2        Slime (0/5) Lair:5
    Orc (2/2) D:12            Elf (0/3) Orc:2        Vaults (0/5) D:14
 Depths (0/4) D:15          IceCv (1/1)

Altars:
Ashenzari
Cheibriados
Dithmenos
Elyvilon
Fedhas
Gozag
Hepliaklqana
Kikubaaqudgha
Makhleb
Nemelex Xobeh
Okawaru
Qazlal
Ru
Sif Muna
Trog
Uskayaw
Vehumet
Wu Jian
Xom
Yredelemnul
Zin
The Shining One
Beogh
Jiyva

Shops:
D:6 [*   D:7 *[**=   D:12 **   Orc:1 :   Orc:2 (:=(

Annotations:
D:7 1 exclusion
D:8 3 runed translucent doors, Flippered's ghost, novice DEHu
D:9 2 transporters, Konar's ghost, novice CoHu
D:12 3 runed translucent doors, Momoko's ghost, journeyman MDHu
D:14 3 runed translucent doors, Ujyxuu Gaynk's ghost, adept CoAr


Innate Abilities, Weirdness & Mutations

You can wield a second weapon in your off-hand.
It takes a long time for you to wield or remove held weapons.
Your first few attacks do less damage.
You cannot equip rings or amulets.


Message History

No reachable target in view!
Lua error: [string "/dgldir/rcfiles/crawl-git/Mgcat.rc"]:930: invalid capture index No reachable target in view!
Lua error: [string "/dgldir/rcfiles/crawl-git/Mgcat.rc"]:930: invalid capture index Warning x2: The minotaur simulacrum can hit for high damage in melee! x2
A deep troll simulacrum comes into view.
Warning x3: The minotaur simulacrum can hit for high damage in melee! x2
The deep troll simulacrum (wandering) can hit for high damage in melee!
You slash the minotaur simulacrum with the +9 broad axe of Righteous Anger!
You melt the minotaur simulacrum.
The minotaur simulacrum is moderately damaged.
You hit the minotaur simulacrum with your +4 war axe of venom.
The minotaur simulacrum hits you but does no damage.
The minotaur simulacrum gores you but does no damage.
Warning x3: The deep troll simulacrum can hit for high damage in melee!
The minotaur simulacrum can hit for high damage in melee! x2
Warning x3: The minotaur simulacrum can hit for high damage in melee! x2
The deep troll simulacrum can hit for high damage in melee!
You hit the minotaur simulacrum with your +4 war axe of venom.
The minotaur simulacrum is heavily damaged.
You slice the minotaur simulacrum with the +9 broad axe of Righteous Anger!!
You melt the minotaur simulacrum!
The minotaur simulacrum vaporises!
Okawaru accepts your kill.
Warning x2: The deep troll simulacrum can hit for high damage in melee!
The minotaur simulacrum can hit for high damage in melee!
You slash the minotaur simulacrum with your +4 war axe of venom!
The minotaur simulacrum is moderately damaged.
You barely miss the minotaur simulacrum with the +9 broad axe of Righteous Anger.
The minotaur simulacrum hits you but does no damage.
The minotaur simulacrum gores you but does no damage.
Warning x2: The minotaur simulacrum can hit for high damage in melee!
The deep troll simulacrum can hit for high damage in melee!
You slice the minotaur simulacrum with the +9 broad axe of Righteous Anger!!
You melt the minotaur simulacrum!
The minotaur simulacrum vaporises!
Okawaru accepts your kill.
You slice the deep troll simulacrum with the +9 broad axe of Righteous Anger!!
You melt the deep troll simulacrum!
You slash the deep troll simulacrum with your +4 war axe of venom!
The deep troll simulacrum vaporises!
Okawaru accepts your kill.
No target in view!
No target in view!
A minotaur simulacrum comes into view.
Spoiler Alert: The minotaur simulacrum can hit for high damage in melee!
A minotaur simulacrum comes into view.
Lua error: [string "/dgldir/rcfiles/crawl-git/Mgcat.rc"]:930: invalid capture index A freezing wraith comes into view.
The minotaur simulacrum hits you but does no damage.
The minotaur simulacrum gores you but does no damage.
The freezing wraith hits you but does no damage. x2
The minotaur simulacrum hits you but does no damage.
The minotaur simulacrum gores you but does no damage.
Warning x3: The minotaur simulacrum can hit for high damage in melee! x2
The freezing wraith can hit for high cold damage and slow you in melee!
You hit the freezing wraith with your +4 war axe of venom.
The freezing wraith is lightly damaged.
You hit the minotaur simulacrum with your +4 war axe of venom.
You slash the minotaur simulacrum with your +4 war axe of venom!
You slash the freezing wraith with the +9 broad axe of Righteous Anger!
You burn the freezing wraith.
You hit the minotaur simulacrum but do no damage.
You slice the minotaur simulacrum with the +9 broad axe of Righteous Anger!!
You melt the minotaur simulacrum!
The minotaur simulacrum vaporises!
Okawaru accepts your kill. The freezing wraith hits you.
The freezing wraith freezes you!
The freezing wraith hits you but does no damage.
The minotaur simulacrum hits you! The minotaur simulacrum freezes you!!!
The minotaur simulacrum gores you! The minotaur simulacrum freezes you!!!
* * * LOW HITPOINT WARNING * * *
You take 122 damage, and have 18/140 hp.
MASSIVE DAMAGE!!
Warning x2: The minotaur simulacrum can hit for high damage in melee!
The freezing wraith can hit for high cold damage and slow you in melee!
You are too injured to fight recklessly!
Warning x2: The minotaur simulacrum can hit for high damage in melee!
The freezing wraith can hit for high cold damage and slow you in melee!
You are too injured to fight recklessly!
Warning x2: The minotaur simulacrum can hit for high damage in melee!
The freezing wraith can hit for high cold damage and slow you in melee!
You are too injured to fight recklessly!
Warning x2: The minotaur simulacrum can hit for high damage in melee!
The freezing wraith can hit for high cold damage and slow you in melee!
You are too injured to fight recklessly!
Warning x2: The minotaur simulacrum can hit for high damage in melee!
The freezing wraith can hit for high cold damage and slow you in melee!
You feel much better.
The freezing wraith hits you but does no damage. x2
The minotaur simulacrum hits you.
* * * LOW HITPOINT WARNING * * *
The minotaur simulacrum freezes you!!
* * * LOW HITPOINT WARNING * * *
The minotaur simulacrum barely misses you.
You take 12 damage, and have 6/140 hp.
Warning x2: The minotaur simulacrum can hit for high damage in melee!
The freezing wraith can hit for high cold damage and slow you in melee!
You feel much better. The freezing wraith barely misses you.
The freezing wraith hits you but does no damage.
You regained 26 hp, and now have 32/140 hp.
Warning x2: The minotaur simulacrum can hit for high damage in melee!
The freezing wraith can hit for high cold damage and slow you in melee!
You feel protected. The minotaur simulacrum hits you!
* * * LOW HITPOINT WARNING * * *
The minotaur simulacrum freezes you! You resist.
* * * LOW HITPOINT WARNING * * *
The minotaur simulacrum gores you but does no damage.
The freezing wraith hits you.
* * * LOW HITPOINT WARNING * * *
The freezing wraith freezes you! You resist.
You die...

#.##..#####......##
######......#####.###..#
......##..#...#####...##
###...####..####..##
##....## ###.....##
#....## ###..## ##..###
#...## ##...### ###..#
###@Z.# ##...## #W°.##
#..### ...### ##..#
...## ##..## #### #..###
##.~~########
####~~#≈~~## ##~~~~#~.
#~#~#~~.#


You could see a freezing wraith and a minotaur simulacrum.

Vanquished Creatures
  An Ice Fiend (IceCv)
  Gastronok (Lair:2)
  Kirke (D:14)
  An orc warlord (Orc:2)
  An eleionoma (Swamp:1)
  A bunyip (Swamp:1)
  Snorg (Lair:4)
  A rakshasa (D:14)
  A shambling mangrove (Swamp:1)
  2 entropy weavers (Lair:3)
  10 hydras
  A vault guard (D:14)
  4 ghost crabs (Lair:3)
  An alligator (Swamp:1)
  5 two-headed ogres
  A merfolk avatar (Lair:5)
  3 centaur warriors
  4 boulder beetles
  A sphinx skeleton (D:15)
  5 death yaks (Lair:5)
  3 tengu warriors (D:14)
  A vampire mage (D:15)
  4 orc high priests (Orc:2)
  A deep elf knight (D:13)
  A storm dragon zombie (D:15)
  7 skeletal warriors
  5 fire crabs
  A goliath frog (Swamp:1)
  A deep troll (shapeshifter) (D:14)
  4 sea snakes (Lair:5)
  An arcanist (D:15)
  A spriggan druid (Swamp:1)
  2 glowing orange brains (D:14)
  2 spriggan simulacra (IceCv)
  An obsidian statue (IceCv)
  2 bog bodies
  An obsidian bat (Orc:2)
  A harpy (Lair:5)
  A deep elf pyromancer (D:12)
  4 orc knights (Orc:2)
  5 orc sorcerers (Orc:2)
  A necromancer (D:15)
  6 cyclopes
  6 ugly things
  A salamander (Lair:2)
  6 kobold blastminers
  A meliai (shapeshifter) (D:14)
  16 elephants
  An apocalypse crab (Lair:3)
  4 black mambas
  Joseph (D:7)
  9 cane toads
  Maggie (Lair:2)
  2 rime drakes (Lair:5)
  2 gargoyles
  Jeremiah (D:6)
  An unseen horror (D:11)
  An ice devil (IceCv)
  8 komodo dragons
  A freezing wraith (IceCv)
  2 tengu conjurers (D:14)
  A tyrant leech (Swamp:1)
  A bloated husk (Swamp:2)
  6 trolls
  A polar bear (Lair:5)
  Prince Ribbit (D:7)
  28 blink frogs
  8 hornets
  A spriggan zombie (D:15)
  2 wind drakes (Lair:5)
  6 spriggans
  4 slime creatures (D:14)
  A spriggan (shapeshifter) (D:13)
  34 yaks
  A shadow (D:10)
  A vampire (D:14)
  3 wraiths
  2 dire elephant simulacra (IceCv)
  Eustachio (D:4)
  6 wyverns
  4 basilisks
  3 hogs (D:14)
  8 wargs
  21 vampire mosquitoes
  5 steam dragons
  A harpy simulacrum (IceCv)
  9 minotaur simulacra (IceCv)
  6 swamp worms
  10 water moccasins
  Duvessa (D:6)
  Pargi (D:4)
  An ice beast (D:5)
  39 orc warriors
  2 sky beasts
  4 laughing skulls (D:15)
  17 ogres
  16 wolves (Lair:4)
  8 centaurs
  2 phantoms
  10 bullfrogs
  A kobold brigand (D:8)
  A gnoll sergeant (D:11)
  9 deep troll simulacra (IceCv)
  3 scorpions
  Dowan (D:6)
  5 wights (D:9)
  3 killer bees (D:11)
  A lindwurm simulacrum (IceCv)
  2 electric eels
  4 howler monkeys
  3 lava snakes (Lair:2)
  A crimson imp (D:4)
  2 bullfrog zombies (D:5)
  A bombardier beetle (D:6)
  A gnoll bouda (D:7)
  3 hounds
  4 jellies
  37 orc priests
  Jessica (D:2)
  5 iguanas
  25 orc wizards
  A sleepcap (D:5)
  2 scorpion zombies (D:5)
  Robin (D:4)
  13 adders
  8 gnolls
  2 white imps
  6 ufetubi
  2 adder zombies (D:5)
  8 dart slugs
  4 ribbon worms
  86 orcs
  5 ball pythons
  8 endoplasms
  7 giant cockroaches
  20 goblins
  12 hobgoblins
  4 quokkas
  7 bats
  3 frilled lizards
  10 kobolds
  4 rats
768 creatures vanquished.

Vanquished Creatures (others)
  A hydra (Swamp:2)
  A swamp worm (Swamp:2)
  A human (D:10)
3 creatures vanquished.

Grand Total: 771 creatures vanquished

Notes
Turn   | Place    | Note
-------+----------+-------------------------------------------
     0 | D:1      | Mgcat the Coglin Fighter began the quest for the Orb.
     0 | D:1      | Reached XP level 1. HP: 18/18 MP: 1/1
   178 | D:1      | You fall into a shaft and drop 1 floor!
   217 | D:2      | Reached XP level 2. HP: 13/24 MP: 2/2
   546 | D:1      | Reached skill level 3 in Armour
   546 | D:1      | Reached XP level 3. HP: 27/29 MP: 3/3
   822 | D:1      | Reached skill level 3 in Axes
  1373 | D:2      | Reached XP level 4. HP: 35/35 MP: 4/4
  1583 | D:2      | Noticed Jessica
  1598 | D:2      | Killed Jessica
  1720 | D:3      | Found a faded altar of an unknown god.
  1799 | D:3      | Reached XP level 5. HP: 42/42 MP: 5/5
  2020 | D:3      | Noticed an ogre
  2038 | D:3      | Killed an ogre
  2039 | D:3      | Reached skill level 4 in Fighting
  2039 | D:3      | Reached skill level 4 in Axes
  2331 | D:4      | Reached XP level 6. HP: 33/48 MP: 6/6
  2535 | D:4      | Noticed Robin
  2548 | D:4      | Killed Robin
  2707 | D:4      | Noticed Eustachio
  2727 | D:4      | Killed Eustachio
  2728 | D:4      | Reached skill level 5 in Axes
  2728 | D:4      | Reached skill level 4 in Armour
  2728 | D:4      | Reached XP level 7. HP: 43/55 MP: 7/7
  2820 | D:4      | Found a burning altar of Makhleb.
  2820 | D:4      | Found a shimmering altar of Xom.
  2896 | D:4      | Found a sparkling altar of Nemelex Xobeh.
  2996 | D:4      | Noticed Pargi
  3002 | D:4      | Killed Pargi
  3141 | D:4      | Found a shimmering blue altar of Sif Muna.
  3162 | D:5      | Entered Level 5 of the Dungeon
  3177 | D:5      | Identified a scroll of acquirement
  3177 | D:5      | Acquired 1105 gold pieces
  3191 | D:5      | Reached skill level 5 in Fighting
  3191 | D:5      | Reached skill level 6 in Axes
  3284 | D:5      | Found a broken altar of Ashenzari.
  3420 | D:5      | Reached XP level 8. HP: 60/62 MP: 8/8
  3485 | D:5      | Found a staircase to the Ecumenical Temple.
  3490 | Temple   | Entered the Ecumenical Temple
  3863 | D:5      | Found a basalt altar of Yredelemnul.
  3941 | D:5      | Reached skill level 7 in Axes
  3941 | D:5      | Reached skill level 5 in Armour
  4352 | D:6      | Noticed Duvessa
  4354 | D:6      | Noticed Dowan
  4361 | D:6      | Killed Duvessa
  4362 | D:6      | Reached skill level 6 in Fighting
  4372 | D:6      | Killed Dowan
  4426 | D:6      | Noticed Jeremiah
  4428 | D:6      | Found an opulent altar of Gozag.
  4446 | D:6      | Killed Jeremiah
  4447 | D:6      | Reached skill level 8 in Axes
  4447 | D:6      | Reached XP level 9. HP: 41/71 MP: 9/9
  4634 | D:6      | Found Sirise's Antique Armour Shop.
  4660 | D:6      | Bought a fine plate armour for 728 gold pieces
  4660 | D:6      | Identified the +0 plate armour "Earthly Heaven" {Fly rN+}
                  | (You bought it in a shop on level 6 of the Dungeon)
  4671 | D:6      | Bought a translucent scale mail for 234 gold pieces
  4671 | D:6      | Identified the +6 scale mail "Laeweul" {Str+5} (You bought
                  | it in a shop on level 6 of the Dungeon)
  4852 | D:6      | Found Obehy's Elemental Accessories.
  5060 | D:7      | Reached skill level 6 in Armour
  5094 | D:7      | Found an iron altar of Okawaru.
  5170 | D:7      | Became a worshipper of Warmaster Okawaru
  5362 | D:7      | Reached skill level 9 in Axes
  5416 | D:7      | Noticed Prince Ribbit
  5446 | D:7      | Killed Prince Ribbit
  5447 | D:7      | Reached skill level 7 in Fighting
  5498 | D:7      | Reached * piety under Okawaru
  5506 | D:7      | Found a stormy altar of Qazlal.
  5532 | D:7      | Found a sacrificial altar of Ru.
  5535 | D:7      | Found a bloodstained altar of Trog.
  5653 | D:7      | Found Dishra Biaj's Jewellery Boutique.
  5693 | D:7      | Found Ponuwieh's Assorted Antiques.
  5695 | D:7      | Noticed Joseph
  5867 | D:7      | Found Anuxeuf's Antique Armour Shop.
  5882 | D:7      | Killed Joseph
  5883 | D:7      | Reached skill level 10 in Axes
  5883 | D:7      | Reached XP level 10. HP: 63/79 MP: 10/10
  5932 | D:7      | Found Zoxemaw's Assorted Antiques.
  5932 | D:7      | Found Cureo's General Store.
  6050 | D:7      | Bought a scroll of identify for 48 gold pieces
  6050 | D:7      | Bought 3 scrolls labelled TIXUUH SOCRI for 72 gold pieces
  6050 | D:7      | Bought a bubbling golden potion for 21 gold pieces
  6050 | D:7      | Bought 2 fuming orange potions for 43 gold pieces
  6052 | D:7      | Bought a scroll of identify for 52 gold pieces
  6052 | D:7      | Bought a scroll labelled TIXUUH SOCRI for 26 gold pieces
  6052 | D:7      | Bought a potion of heal wounds for 130 gold pieces
  6543 | D:8      | Noticed a skeletal warrior
  6547 | D:8      | Noticed a boulder beetle
  6556 | D:8      | Killed a skeletal warrior
  6556 | D:8      | Reached ** piety under Okawaru
  6557 | D:8      | Reached skill level 7 in Armour
  6566 | D:8      | Killed a boulder beetle
  6567 | D:8      | Reached skill level 8 in Fighting
  6777 | D:8      | Found a runed translucent gate.
  6778 | D:8      | Found a runed translucent gate.
  6779 | D:8      | Found a runed translucent gate.
  6779 | D:8      | Noticed a ten-headed hydra
  6779 | D:8      | Noticed Flippered's ghost (novice DEHu)
  6780 | D:8      | Noticed an 11-headed hydra
  7050 | D:8      | Found a white marble altar of Elyvilon.
  7266 | D:8      | Reached skill level 11 in Axes
  7984 | D:9      | Noticed Konar's ghost (novice CoHu)
  8460 | D:9      | Found a transporter.
  8460 | D:9      | Found a transporter.
  8491 | D:9      | Noticed a two-headed ogre
  8500 | D:9      | Killed a two-headed ogre
  8500 | D:9      | Reached *** piety under Okawaru
  8788 | D:10     | Entered Level 10 of the Dungeon
  9013 | D:10     | Noticed a gargoyle
  9016 | D:10     | Killed a gargoyle
  9017 | D:10     | Reached skill level 8 in Armour
  9017 | D:10     | Reached XP level 11. HP: 65/87 MP: 8/11
  9124 | D:10     | Found a glowing golden altar of the Shining One.
  9170 | D:10     | Reached skill level 9 in Fighting
  9170 | D:10     | Reached skill level 12 in Axes
  9179 | D:10     | Reached **** piety under Okawaru
  9419 | D:10     | Found an ancient bone altar of Kikubaaqudgha.
  9888 | D:10     | Found a staircase to the Lair.
 10209 | D:11     | Noticed a boulder beetle
 10214 | D:11     | Killed a boulder beetle
 10214 | D:11     | Reached ***** piety under Okawaru
 10215 | D:11     | Reached skill level 13 in Axes
 10376 | D:11     | Reached skill level 9 in Armour
 10897 | Lair:1   | Entered Level 1 of the Lair of Beasts
 10922 | Lair:1   | Received a gift from Okawaru
 10937 | Lair:1   | Reached skill level 10 in Fighting
 11123 | Lair:1   | Reached XP level 12. HP: 94/97 MP: 12/12
 11306 | Lair:1   | HP: 22/97 [poisoned by a cane toad]
 11311 | Lair:1   | HP: 14/97 [poisoned by a cane toad]
 12025 | Lair:2   | Noticed a six-headed hydra
 12081 | Lair:2   | Noticed Gastronok
 12147 | Lair:2   | Killed a 13-headed hydra
 12170 | Lair:2   | Killed Gastronok
 12171 | Lair:2   | Reached skill level 14 in Axes
 12171 | Lair:2   | Reached skill level 1 in Invocations
 12171 | Lair:2   | Reached skill level 1 in Evocations
 12268 | Lair:2   | Noticed Maggie
 12277 | Lair:2   | Killed Maggie
 12277 | Lair:2   | Received a gift from Okawaru
 12526 | Lair:2   | Found a staircase to the Snake Pit.
 12534 | Lair:2   | Reached skill level 2 in Evocations
 13201 | Lair:3   | Reached skill level 2 in Invocations
 13378 | Lair:3   | Reached skill level 3 in Evocations
 13445 | Lair:3   | Noticed a boulder beetle
 13461 | Lair:3   | Killed a boulder beetle
 13728 | Lair:3   | Received a gift from Okawaru
 13834 | Lair:3   | Found a staircase to the Swamp.
 13841 | Lair:3   | Reached skill level 10 in Armour
 13851 | Lair:3   | Found a runed translucent door.
 13982 | Lair:3   | Reached skill level 4 in Evocations
 14202 | Lair:3   | Reached skill level 11 in Fighting
 14202 | Lair:3   | Reached XP level 13. HP: 48/106 MP: 15/15
 14374 | Lair:3   | Reached skill level 3 in Invocations
 14420 | Lair:3   | Noticed an entropy weaver
 14430 | Lair:3   | Killed an entropy weaver
 14623 | Lair:3   | Reached skill level 15 in Axes
 14858 | Lair:3   | Reached skill level 5 in Evocations
 14975 | Lair:3   | Noticed an entropy weaver
 14989 | Lair:3   | Killed an entropy weaver
 15246 | Lair:3   | Reached ****** piety under Okawaru
 15266 | Lair:3   | Acquired the +9 broad axe of Righteous Anger {flame,
                  | ^Fragile Str+2 Int+3}
 15266 | Lair:3   | Received a gift from Okawaru
 15308 | Lair:3   | Received a gift from Okawaru
 15326 | Lair:3   | Acquired the +15 Maxwell's patent armour {-Cast -Tele rElec
                  | Will+ rCorr}
 15326 | Lair:3   | Received a gift from Okawaru
 15326 | Lair:3   | Found the +15 Maxwell's patent armour {-Cast -Tele rElec
                  | Will+ rCorr}
 15507 | Lair:4   | Reached skill level 6 in Evocations
 15621 | Lair:4   | Reached skill level 4 in Invocations
 15829 | Lair:4   | Noticed Snorg
 15832 | Lair:4   | Killed Snorg
 15899 | Lair:4   | Identified the +11 shortbow of the Growing Gods {flame,
                  | *Corrode Int+4 Dex+4}
 16038 | Lair:4   | Reached skill level 7 in Evocations
 16164 | Lair:4   | Got the Codex of the Union and the Inferno
 16308 | Lair:5   | Entered Level 5 of the Lair of Beasts
 16308 | Lair:5   | Found a staircase to the Slime Pits.
 16313 | Lair:5   | Received a gift from Okawaru
 16398 | Lair:5   | Reached skill level 8 in Evocations
 16434 | Lair:5   | Reached XP level 14. HP: 114/114 MP: 14/17
 16454 | Lair:5   | Reached skill level 16 in Axes
 16459 | Lair:5   | Acquired a neopneumatic capacitor {rPois rF+ rCorr Clar
                  | RMsl}
 16470 | Lair:5   | Received a gift from Okawaru
 16475 | Lair:5   | Found a viscous altar of Jiyva.
 16532 | Lair:5   | Reached skill level 9 in Evocations
 16568 | Lair:5   | Reached skill level 12 in Fighting
 16663 | Lair:5   | Reached skill level 11 in Armour
 16843 | Lair:5   | Identified the staff of Foolhardiness {Str+5 Int-5 Conj}
 16846 | Lair:5   | Reached skill level 5 in Invocations
 17150 | Lair:5   | Received a gift from Okawaru
 18174 | D:12     | Received a gift from Okawaru
 18488 | D:12     | Found a staircase to the Orcish Mines.
 18647 | D:12     | Identified the +0 leather armour of Prudence {^Contam rN+
                  | Will+ Slay+3}
 18672 | D:12     | Found a runed translucent gate.
 18673 | D:12     | Found a runed translucent gate.
 18674 | D:12     | Found a runed translucent gate.
 18675 | D:12     | Found an opulent altar of Gozag.
 18676 | D:12     | Found Kudonyl's Assorted Antiques.
 18676 | D:12     | Found Deamy's Assorted Antiques.
 18676 | D:12     | Noticed a fire giant
 18676 | D:12     | Noticed a frost giant
 18676 | D:12     | Noticed Momoko's ghost (journeyman MDHu)
 18884 | Orc:1    | Entered Level 1 of the Orcish Mines
 19124 | Orc:1    | Found Gifaom's Self-Improvement Boutique.
 19570 | Orc:2    | Entered Level 2 of the Orcish Mines
 19595 | Orc:2    | Reached skill level 17 in Axes
 19626 | Orc:2    | Reached skill level 6 in Invocations
 19753 | Orc:2    | Reached XP level 15. HP: 119/122 MP: 19/19
 20043 | Orc:2    | Received a gift from Okawaru
 20251 | Orc:2    | Found a roughly hewn altar of Beogh.
 20393 | Orc:2    | Found Seasorus's Weapon Boutique.
 20406 | Orc:2    | Found Dotitora's Jewellery Shop.
 20676 | Orc:2    | Found a staircase to the Elven Halls.
 20737 | Orc:2    | Reached skill level 13 in Fighting
 21087 | Orc:2    | Noticed an orc warlord
 21104 | Orc:2    | Killed an orc warlord
 21110 | Orc:2    | Reached skill level 12 in Armour
 21130 | Orc:2    | Found a roughly hewn altar of Beogh.
 21141 | Orc:2    | Found Sew Ely's Book Boutique.
 21274 | Orc:2    | Found Xethro's Weapon Shop.
 21424 | Orc:2    | Received a gift from Okawaru
 21941 | D:14     | Found a runed translucent gate.
 21941 | D:14     | Found a runed translucent gate.
 21941 | D:14     | Found a runed translucent gate.
 22171 | D:13     | Reached skill level 7 in Invocations
 22315 | D:13     | Identified the staff of Tatuaram {rElec rF+ Stlth+ Air}
 22574 | D:14     | Reached skill level 18 in Axes
 22580 | D:14     | Noticed Kirke
 22586 | D:14     | Killed Kirke
 22586 | D:14     | Received a gift from Okawaru
 22742 | D:14     | Identified the +11 sling of Evisceration {flame, Stlth+}
 22877 | D:14     | Found a gate to the Vaults.
 23133 | D:14     | Reached XP level 16. HP: 131/131 MP: 19/21
 23137 | D:14     | Found a runed translucent gate.
 23137 | D:14     | Found a runed translucent gate.
 23141 | D:14     | Found a runed translucent gate.
 23141 | D:14     | Noticed Ujyxuu Gaynk's ghost (adept CoAr)
 23153 | D:14     | Reached XP level 17. HP: 138/138 MP: 22/22
 23191 | D:15     | Entered Level 15 of the Dungeon
 23271 | D:15     | Found a staircase to the Depths.
 23290 | D:15     | Received a gift from Okawaru
 23786 | D:15     | Reached skill level 8 in Invocations
 23809 | D:15     | Reached skill level 14 in Fighting
 24150 | Swamp:1  | Entered Level 1 of the Swamp
 24388 | Swamp:1  | Reached skill level 19 in Axes
 24511 | Swamp:1  | Received a gift from Okawaru
 24512 | Swamp:1  | Reached skill level 13 in Armour
 24787 | Swamp:1  | Identified the +3 ring mail "Cech" {rF+ rC+++}
 24792 | Swamp:1  | Identified the +2 leather armour of Marbles {+Inv Will+
                  | Str-5 Stlth+}
 25185 | Swamp:2  | Found a glacial archway.
 25195 | IceCv    | Entered an ice cave
 25744 | IceCv    | Noticed an Ice Fiend
 25765 | IceCv    | Killed an Ice Fiend
 25765 | IceCv    | Received a gift from Okawaru
 25947 | IceCv    | HP: 18/140 [minotaur simulacrum (40)]
 25948 | IceCv    | HP: 6/140 [minotaur simulacrum (34)]
 25950 | IceCv    | HP: 2/140 [freezing wraith (4)]
 25950 | IceCv    | Slain by a freezing wraith

Illustrated notes

Levels and vault maps discovered:
D:1:      amcnicky_arrival_underground_garden, layout_basic
D:2:      layout_basic, serial_park_tiny_1, grunt_ministairs_12,
          dreamdust_princess_bridge, uniq_jessica
D:3:      layout_basic, hellmonk_ecumenical_altar_blasted, st_stairs_5
D:4:      layout_rooms, grunt_temple_overflow_champion_of_chaos,
          lemuel_tele_altar, lemuel_coloured_pillars_altar, kennysheep_path_1,
          uniq_pargi, uniq_robin, uniq_eustachio
D:5:      layout_cave_pods, nicolae_yredelemnul_corpse_copse,
          mainiacjoe_overflow_alcove_1, minmay_temple_entry_drinking_statues,
          due_unseen_surprise
D:6:      layout_rooms, mainiacjoe_overflow_chevrons, serial_shops, shop,
          nicolae_elemental_shop, nicolae_half_adder, uniq_blork_the_orc,
          uniq_duvessa, uniq_jeremiah
D:7:      minmay_spotlight, layout_basic, nicolae_qazlal_beasts_of_the_sky,
          mainiacjoe_overflow_paths, nicolae_overflow_squiral, serial_shops,
          shop, nicolae_wooded_promenade, uniq_maurice, uniq_joseph,
          uniq_prince_ribbit1
D:8:      minmay_cornered_nines, layout_layer_cave, lemuel_round_altar,
          gammafunk_ghost_hydra_chop
D:9:      layout_cave_pods, gammafunk_ghost_hive, grunt_decor_resistance
D:10:     layout_small_grid, tgw_kikubaaqudgha, mainiacjoe_overflow_boulevard,
          erik_lair_dragon, serial_bayou_pond_a, minmay_misc_feat_x,
          minivault_11
D:11:     layout_roguey, mrwooster_statue_mirror, solitary_fountain
D:12:     layout_long_grid, orc_0_dummy, ebering_ghost_gozag
D:13:     cheibrodos_elevator_heist, layout_rooms
D:14:     layout_loops_ring, hellmonk_vaults_order_and_chaos,
          serial_bayou_pond_e, ploomutoo_gammafunk_ghost_potion_laboratory,
          uniq_kirke
D:15:     gammafunk_depths_entry_grave, layout_gridville, chequers_jeans
Temple:   nicolae_temple_colour_theory
Lair:1:   layout_regular_city, serial_bayou_shore_a
Lair:2:   layout_gridlike, nicolae_snake_entry_warm_welcome,
          serial_bayou_shore_b, grunt_megastairs_4, lemuel_fruit_tree,
          uniq_maggie, uniq_gastronok
Lair:3:   gammafunk_mikee_crab_dinner, layout_regular_city,
          minmay_swamp_entry_swarm, chequers_serial_rivers_room_b
Lair:4:   layout_loops_ring, infiniplex_staircase_pool, uniq_snorg
Lair:5:   gammafunk_lair_ancient_temple, layout_long_grid,
          nicolae_slime_entry_field_trip
Swamp:1:  layout_basic_swamp, serial_swamp_ruin, hangedman_swamp_ruin_wall,
          evilmike_swamp_ruin_house_1, evilmike_swamp_ruin_house_2,
          swamp_pool_4, nicolae_swamp_baby_hydras
Swamp:2:  layout_basic_swamp, portal_ice_cave_entry_pillars_2,
          evilmike_swamp_ruin_house_4, swamp_pool_3
Orc:1:    layout_diamond_mine, nicolae_shop_self_help
Orc:2:    pubby_orc_utopia
IceCv:    ice_cave_caverns_03

Skill      XL: |  1  2  3  4  5  6  7  8  9 10 11 12 13 14 15 16 17 |
---------------+----------------------------------------------------+-----
Armour         | 3 4 5 6 8 9 10 11 12 13 | 13.2
Axes           | 3 4 5 6 8 10 11 13 14 15 17 18 19 | 19.3
Fighting       | 4 5 6 7 8 10 11 12 13 14 | 14.3
Invocations    | 2 4 6 7 8 |  8.5
Evocations     | 4 8 9 |  9.0
Shields        | |  2.1

Action                     |  1- 3 |  4- 6 |  7- 9 | 10-12 | 13-15 | 16-18 || total
---------------------------+-------+-------+-------+-------+-------+-------++-------
  Melee: War axe           |    78 |   160 |   376 |   575 |   659 |   181 ||  2029
         Club              |    55 |    36 |       |       |       |       ||    91
         Broad axe         |       |       |       |       |   598 |   189 ||   787
 Invoke: Heroism           |       |       |       |     3 |     4 |     1 ||     8
         Receive Weapon    |       |       |       |       |     1 |       ||     1
         Receive Armour    |       |       |       |       |     1 |       ||     1
Ability: Invent Gizmo      |       |       |       |       |     1 |       ||     1
  Evoke: Wand              |       |       |       |     8 |       |       ||     8
    Use: Scroll            |       |       |    14 |    18 |     6 |     1 ||    39
         Potion            |       |       |     2 |       |       |     4 ||     6
   Stab: Paralysed         |       |       |       |     8 |       |       ||     8
 Armour: Scale mail        |    77 |    98 |   193 |   254 |   112 |       ||   734
         Plate armour      |       |       |       |       |   557 |   231 ||   788
  Dodge: Dodged            |    35 |    55 |   107 |   128 |   194 |    60 ||   579
         Repelled          |       |       |       |       |    29 |     9 ||    38

Table legend: (Time is in decaauts)
 A = Elapsed time spent in this place.
 B = Non-inter-level travel time spent in this place.
 C = Inter-level travel time spent in this place.
 D = Time resting spent in this place.
 E = Time spent auto-exploring this place.
 F = Levels seen in this place.
 G = Mean time per level.
                   A        B        C        D        E       F      G
               +--------+--------+--------+--------+--------+-----+--------+
         Total |  25906 |  24495 |   1411 |   2111 |  18707 |  26 |  996.4 |
       Dungeon |  14212 |  13300 |    912 |    423 |  10938 |  15 |  947.5 |
        Temple |     27 |     20 |      7 |      0 |      0 |   1 |   27.0 |
          Lair |   7075 |   6702 |    373 |   1281 |   4491 |   5 | 1415.0 |
         Swamp |   1101 |   1067 |     34 |     46 |    801 |   2 |  550.5 |
  Orcish Mines |   2736 |   2652 |     84 |     39 |   2145 |   2 | 1368.0 |
      Ice Cave |    752 |    752 |      0 |    321 |    330 |   1 |  752.0 |
               +--------+--------+--------+--------+--------+-----+--------+

Top non-repeatable levels by time:
  Lair:3: 2257 daAuts
   Orc:2: 2046 daAuts
  Lair:5: 1587 daAuts
    D:10: 1504 daAuts
     D:7: 1418 daAuts
     D:8: 1369 daAuts
  Lair:1: 1241 daAuts
  Lair:2: 1114 daAuts
     D:5: 1079 daAuts
 Swamp:1: 1010 daAuts
     D:9: 950 daAuts
     D:1: 930 daAuts
  Lair:4: 874 daAuts
     D:4: 863 daAuts
    D:12: 851 daAuts

Levels and vault maps discovered:
D:1:      amcnicky_arrival_underground_garden, layout_basic
D:2:      layout_basic, serial_park_tiny_1, grunt_ministairs_12,
          dreamdust_princess_bridge, uniq_jessica
D:3:      layout_basic, hellmonk_ecumenical_altar_blasted, st_stairs_5
D:4:      layout_rooms, grunt_temple_overflow_champion_of_chaos,
          lemuel_tele_altar, lemuel_coloured_pillars_altar, kennysheep_path_1,
          uniq_pargi, uniq_robin, uniq_eustachio
D:5:      layout_cave_pods, nicolae_yredelemnul_corpse_copse,
          mainiacjoe_overflow_alcove_1, minmay_temple_entry_drinking_statues,
          due_unseen_surprise
D:6:      layout_rooms, mainiacjoe_overflow_chevrons, serial_shops, shop,
          nicolae_elemental_shop, nicolae_half_adder, uniq_blork_the_orc,
          uniq_duvessa, uniq_jeremiah
D:7:      minmay_spotlight, layout_basic, nicolae_qazlal_beasts_of_the_sky,
          mainiacjoe_overflow_paths, nicolae_overflow_squiral, serial_shops,
          shop, nicolae_wooded_promenade, uniq_maurice, uniq_joseph,
          uniq_prince_ribbit1
D:8:      minmay_cornered_nines, layout_layer_cave, lemuel_round_altar,
          gammafunk_ghost_hydra_chop
D:9:      layout_cave_pods, gammafunk_ghost_hive, grunt_decor_resistance
D:10:     layout_small_grid, tgw_kikubaaqudgha, mainiacjoe_overflow_boulevard,
          erik_lair_dragon, serial_bayou_pond_a, minmay_misc_feat_x,
          minivault_11
D:11:     layout_roguey, mrwooster_statue_mirror, solitary_fountain
D:12:     layout_long_grid, orc_0_dummy, ebering_ghost_gozag
D:13:     cheibrodos_elevator_heist, layout_rooms
D:14:     layout_loops_ring, hellmonk_vaults_order_and_chaos,
          serial_bayou_pond_e, ploomutoo_gammafunk_ghost_potion_laboratory,
          uniq_kirke
D:15:     gammafunk_depths_entry_grave, layout_gridville, chequers_jeans
Temple:   nicolae_temple_colour_theory
Lair:1:   layout_regular_city, serial_bayou_shore_a
Lair:2:   layout_gridlike, nicolae_snake_entry_warm_welcome,
          serial_bayou_shore_b, grunt_megastairs_4, lemuel_fruit_tree,
          uniq_maggie, uniq_gastronok
Lair:3:   gammafunk_mikee_crab_dinner, layout_regular_city,
          minmay_swamp_entry_swarm, chequers_serial_rivers_room_b
Lair:4:   layout_loops_ring, infiniplex_staircase_pool, uniq_snorg
Lair:5:   gammafunk_lair_ancient_temple, layout_long_grid,
          nicolae_slime_entry_field_trip
Swamp:1:  layout_basic_swamp, serial_swamp_ruin, hangedman_swamp_ruin_wall,
          evilmike_swamp_ruin_house_1, evilmike_swamp_ruin_house_2,
          swamp_pool_4, nicolae_swamp_baby_hydras
Swamp:2:  layout_basic_swamp, portal_ice_cave_entry_pillars_2,
          evilmike_swamp_ruin_house_4, swamp_pool_3
Orc:1:    layout_diamond_mine, nicolae_shop_self_help
Orc:2:    pubby_orc_utopia
IceCv:    ice_cave_caverns_03

Table legend: (Time is in decaauts)
 A = Elapsed time spent in this place.
 B = Non-inter-level travel time spent in this place.
 C = Inter-level travel time spent in this place.
 D = Time resting spent in this place.
 E = Time spent auto-exploring this place.
 F = Levels seen in this place.
 G = Mean time per level.
                   A        B        C        D        E       F      G
               +--------+--------+--------+--------+--------+-----+--------+
         Total |  25906 |  24495 |   1411 |   2111 |  18707 |  26 |  996.4 |
       Dungeon |  14212 |  13300 |    912 |    423 |  10938 |  15 |  947.5 |
        Temple |     27 |     20 |      7 |      0 |      0 |   1 |   27.0 |
          Lair |   7075 |   6702 |    373 |   1281 |   4491 |   5 | 1415.0 |
         Swamp |   1101 |   1067 |     34 |     46 |    801 |   2 |  550.5 |
  Orcish Mines |   2736 |   2652 |     84 |     39 |   2145 |   2 | 1368.0 |
      Ice Cave |    752 |    752 |      0 |    321 |    330 |   1 |  752.0 |
               +--------+--------+--------+--------+--------+-----+--------+

Top non-repeatable levels by time:
  Lair:3: 2257 daAuts
   Orc:2: 2046 daAuts
  Lair:5: 1587 daAuts
    D:10: 1504 daAuts
     D:7: 1418 daAuts
     D:8: 1369 daAuts
  Lair:1: 1241 daAuts
  Lair:2: 1114 daAuts
     D:5: 1079 daAuts
 Swamp:1: 1010 daAuts
     D:9: 950 daAuts
     D:1: 930 daAuts
  Lair:4: 874 daAuts
     D:4: 863 daAuts
    D:12: 851 daAuts

Table legend:
 A = Kills in this place as a percentage of kills in the entire game.
 B = Kills by you in this place as a percentage of kills by you in the entire game.
 C = Kills by friends in this place as a percentage of kills by friends in the entire game.
 D = Other kills in this place as a percentage of other kills in the entire game.
 E = Experience gained in this place as a percentage of experience gained in the entire game.
 F = Experience gained in this place divided by the number of levels of this place that you have seen.
                   A       B       C       D       E      F
               +-------+-------+-------+-------+-------+----------------------
         Total | 100.0 | 100.0 |   N/A | 100.0 | 100.0 | 6346.0
       Dungeon |  44.5 |  44.7 |   N/A |   0.0 |  34.7 | 3812.5
          Lair |  21.2 |  21.2 |   N/A |   0.0 |  35.8 | 11804.4
         Swamp |   4.5 |   4.3 |   N/A | 100.0 |   9.5 | 7828.0
  Orcish Mines |  26.0 |  26.0 |   N/A |   0.0 |  15.1 | 12496.0
      Ice Cave |   3.8 |   3.8 |   N/A |   0.0 |   4.9 | 8139.0
               +-------+-------+-------+-------+-------+----------------------
